 Dungeon Crawl Stone Soup version 0.30-a0-870-gc5d4c5acee (webtiles) character file.

Game seed: 534973244285777802

2247 cheesebisquit the Geomancer (level 9, -2/45 HPs)
             Began as a Gargoyle Earth Elementalist on Mar 11, 2023.
             Slain by a vampire (6 damage)
             ... on level 6 of the Dungeon.
             The game lasted 00:22:45 (8263 turns).

cheesebisquit the Geomancer (GrEE)                  Turns: 8263, Time: 00:22:45

Health: -2/45      AC: 10    Str: 13    XL:     9   Next: 37%
Magic:  14/19      EV: 11    Int: 19    God:
Gold:   354        SH:  0    Dex: 16    Spells: 11/21 levels left

rFire   . . .      SeeInvis .    c - +2 glaive (drain)
rCold   . . .      Faith    .    (shield currently unavailable)
rNeg    + . .      Spirit   .    l - +0 troll leather armour
rPois   ∞          Reflect  .    (no helmet)
rElec   +          Rampage  .    (no cloak)
rCorr   .                        (no gloves)
Will    .....                    (no boots)
Stlth   ++                       (no amulet)
HPRegen 1.07/turn                k - +6 ring of dexterity
MPRegen 0.16/turn                (no ring)

@: no status effects
A: sickness immunity, AC +6, negative energy resistance 1, electricity
resistance, torment resistance 1, petrification resistance
a: no special abilities


You were on level 6 of the Dungeon.
You visited 2 branches of the dungeon, and saw 8 of its levels.
You also visited: Sewer.

You collected 354 gold pieces.

Inventory:

Hand Weapons
 c - a +2 glaive of draining (weapon)
 r - a +0 flail
Missiles
 t - 2 poisoned darts
Armour
 a - a +0 robe
 e - +0 acid dragon scales
 l - a +0 troll leather armour (worn)
Jewellery
 g - an amulet of magic regeneration
 k - a +6 ring of dexterity (left hand)
Wands
 w - a wand of mindburst (15)
 z - a wand of charming (13)
Scrolls
 i - 2 scrolls of poison
 o - a scroll of amnesia {unknown}
 p - a scroll of silence {unknown}
 s - a scroll of butterflies {unknown}
 x - a scroll of teleportation {unknown}
 y - a scroll of magic mapping {unknown}
 A - a scroll of noise {unknown}
Potions
 b - a potion of magic
 f - a potion of might
 j - a potion of attraction
 q - a potion of cancellation {unknown}
 u - a potion of berserk rage {unknown}
 v - 2 potions of haste {unknown}


   Skills:
 - Level 1.5 Dodging
 - Level 2.1 Stealth
 + Level 6.6 Spellcasting
 - Level 0.7 Transmutations
 * Level 12.4 Earth Magic


You had 11 spell levels left.
You knew the following spells:

 Your Spells              Type           Power      Damage    Failure   Level
a - Sandblast             Erth           100%       2d20      1%          1
b - Stone Arrow           Conj/Erth      58%        3d10      3%          3
c - Passwall              Tmut/Erth      25%        N/A       1%          2
d - Petrify               Tmut/Erth      31%        N/A       9%          4

Your spell library contained the following spells:

 Spells                   Type           Power      Damage    Failure   Level
 Lesser Beckoning         Tloc           12%        N/A       21%         2
 Frozen Ramparts          Ice            12%        1d2       36%         3
 Gell's Gravitas          Tloc           6%         N/A       36%         3
 Teleport Other           Tloc           6%         N/A       36%         3
 Ice Form                 Ice/Tmut       7%         N/A       75%         4
 Summon Ice Beast         Ice/Summ       6%         N/A       78%         4


Dungeon Overview and Level Annotations

Branches:
Dungeon (7/15)             Temple (1/1) D:6           Sewer (visited)

Altars:
Cheibriados
Dithmenos
Fedhas
Hepliaklqana
Kikubaaqudgha
Makhleb
Nemelex Xobeh
Okawaru
Qazlal
Ru
Sif Muna
Trog
Uskayaw
Xom
Yredelemnul
Zin
The Shining One


Innate Abilities, Weirdness & Mutations

You are immune to sickness and miasma.
Your stone body is resilient. (AC +6)
You are immune to poison.
You resist negative energy. (rN+)
You are resistant to electric shocks. (rElec)
You are resistant to unholy torment.
You are immune to petrification.


Message History

The vampire hits you but does no damage.
The vampire closely misses you.
Aiming: Sandblast (safe; 1% risk of failure)
Press: ? - help, Q - select action, (/) - cycle Shift-Dir - straight line, f/p - vampire
Aim: a vampire, quivering poisoned darts (heavily damaged, 85% to hit)
The blast of sand hits the vampire.
The vampire is heavily damaged.
The vampire points at you and mumbles some strange words.
You resist with some effort. The vampire hits you.
* * * LOW HITPOINT WARNING * * *
The vampire closely misses you.
Aiming: Sandblast (safe; 1% risk of failure)
Press: ? - help, Q - select action, (/) - cycle Shift-Dir - straight line, f/p - vampire
Aim: a vampire, quivering poisoned darts (heavily damaged, 85% to hit)
Okay, then.
Okay, then.
You feel better.
The vampire gestures wildly while chanting.
The vampire flickers and vanishes!
Deactivating autopickup; reactivate with Ctrl-A.
Something hits you!
* * * LOW HITPOINT WARNING * * *
Something barely misses you.
There is a stone staircase leading up here.
Something hits you but does no damage. Something bites you but does no damage.
You climb upwards.
Reactivating autopickup.
There is a stone staircase leading down here.
Something hits you!
* * * LOW HITPOINT WARNING * * *
Deactivating autopickup; reactivate with Ctrl-A.
Something bites you.
* * * LOW HITPOINT WARNING * * *
As you read the scroll of fog, it crumbles to dust.
The scroll dissolves into smoke.
Something hits you.
* * * LOW HITPOINT WARNING * * *
Something bites you.
* * * LOW HITPOINT WARNING * * *
Something hits you.
You die...

#.........#....#....##..###.#
#.........'....#....#...#...#
#######...##...'....#...#...#
##...##...##...#....#...#...#
#.....#...##...##...#...#...#
#.....#<..##...##...+...#...#
#####†####...##§§§.#...##..###.#
#..##.####...##{§§§#...##..###.#
##.....'......##@§.##............
#......#......##§§§##.......)....
#......#...[...§§§§+.............
#......#...........#..[..........
##.##..###....###..##.####..###.#
##'##..###################..###.#
...#...................#.........
...#...................'.........
##'###..##..##.#..#..###'##'###.#


There were no monsters in sight!

Vanquished Creatures
  Maggie (D:6)
  A troll (D:6)
  Prince Ribbit (D:6)
  2 water moccasins
  An orc warrior (D:7)
  2 black bears
  An ogre (D:6)
  2 bullfrogs (Sewer)
  5 scorpions
  A sleepcap (D:6)
  2 orc priests
  A gnoll bouda (D:7)
  Jessica (D:2)
  Natasha (thrice) (D:2)
  2 iguanas
  An orc wizard (D:5)
  12 adders
  4 gnolls (D:7)
  A shadow imp (D:7)
  A white imp (D:5)
  2 worms
  A dart slug (D:1)
  15 orcs
  3 bats
  10 endoplasms
  10 giant cockroaches
  4 goblins
  5 hobgoblins
  9 jackals
  5 quokkas
  15 ball pythons
  6 frilled lizards (Sewer)
  8 kobolds
  6 rats
144 creatures vanquished.

Vanquished Creatures (others)
  A goblin (D:4)
  7 plants (D:2)
8 creatures vanquished.

Grand Total: 152 creatures vanquished

Notes
Turn   | Place    | Note
-------+----------+-------------------------------------------
     0 | D:1      | cheesebisquit the Gargoyle Earth Elementalist began the
                  | quest for the Orb.
     0 | D:1      | Reached XP level 1. HP: 10/10 MP: 3/3
   240 | D:1      | Reached skill level 4 in Earth Magic
   408 | D:1      | Reached XP level 2. HP: 15/15 MP: 3/5
   898 | D:1      | Reached XP level 3. HP: 19/19 MP: 4/6
   980 | D:1      | Found a faded altar of an unknown god.
  1268 | D:2      | Noticed Natasha
  1273 | D:2      | Killed Natasha
  1274 | D:2      | Reached skill level 5 in Earth Magic
  1511 | D:2      | Reached XP level 4. HP: 24/24 MP: 6/8
  1686 | D:2      | Noticed Natasha
  1689 | D:2      | Killed Natasha
  1890 | D:2      | Noticed Jessica
  1903 | D:2      | Killed Jessica
  1904 | D:2      | Reached XP level 5. HP: 28/28 MP: 7/9
  2079 | D:2      | Noticed Natasha
  2084 | D:2      | Killed Natasha
  2085 | D:2      | Reached skill level 6 in Earth Magic
  2127 | D:2      | Learned a level 3 spell: Stone Arrow
  2130 | D:2      | Learned a level 2 spell: Passwall
  2826 | D:3      | Found a hazy altar of Hepliaklqana.
  2827 | D:3      | Found a shadowy altar of Dithmenos.
  2827 | D:3      | Noticed a shadow
  2920 | D:3      | Found a glowing drain.
  2931 | Sewer    | Entered a sewer
  3463 | Sewer    | Reached XP level 6. HP: 32/32 MP: 9/11
  3794 | Sewer    | Reached skill level 7 in Earth Magic
  4611 | D:4      | Reached XP level 7. HP: 36/36 MP: 8/13
  4868 | D:4      | Reached skill level 8 in Earth Magic
  4873 | D:4      | Learned a level 4 spell: Petrify
  4915 | D:4      | Noticed a steam dragon
  5188 | D:4      | Found a bloodstained altar of Trog.
  5193 | D:4      | Found a shimmering altar of Xom.
  5196 | D:4      | Found a hide-covered altar of Uskayaw.
  5196 | D:4      | Found a glowing silver altar of Zin.
  5210 | D:4      | Found a burning altar of Makhleb.
  5687 | D:5      | Entered Level 5 of the Dungeon
  5823 | D:5      | Reached skill level 9 in Earth Magic
  5887 | D:5      | Reached XP level 8. HP: 41/41 MP: 12/15
  6205 | D:5      | Reached skill level 5 in Spellcasting
  6278 | D:5      | Found a stormy altar of Qazlal.
  6284 | D:5      | Found a blossoming altar of Fedhas.
  6561 | D:6      | Reached skill level 10 in Earth Magic
  6648 | D:6      | Noticed Maggie
  6662 | D:6      | Killed Maggie
  6793 | D:6      | Noticed Prince Ribbit
  6802 | D:6      | Killed Prince Ribbit
  6803 | D:6      | Reached skill level 11 in Earth Magic
  6856 | D:6      | Noticed a troll
  6865 | D:6      | Killed a troll
  6866 | D:6      | Reached XP level 9. HP: 11/45 MP: 12/18
  7015 | D:6      | Found a staircase to the Ecumenical Temple.
  7024 | Temple   | Entered the Ecumenical Temple
  7664 | D:7      | Reached skill level 12 in Earth Magic
  7716 | D:7      | HP: 2/45 [vampire (11)]
  8263 | D:6      | Slain by a vampire

Illustrated notes

Levels and vault maps discovered:
D:1:      saegor_arrival_simple_d, layout_loops_corners,
          dilly_ecumenical_altar_fadedgnrine, amcnicky_mini_pool_small
D:2:      wad_lake_hut, layout_basic, uniq_jessica, uniq_natasha
D:3:      layout_basic, riverfiend_overflow_shadow_ancestor,
          cheibrodos_sewer_entry_bend, st_stairs_4, minivault_26
D:4:      layout_basic, nicolae_overflow_hallway_of_the_gods,
          minmay_stone_trees_medium, dreamdust_princess_bridge
D:5:      layout_gridville, grunt_temple_overflow_forces_of_nature
D:6:      layout_gridville, lemuel_temple_firewalk_a, uniq_prince_ribbit1,
          uniq_maggie
D:7:      layout_cave_pools, kennysheep_mini_moat, serial_shops, shop
Temple:   hellmonk_temple_flake

Skill      XL: |  1  2  3  4  5  6  7  8  9 |
---------------+----------------------------+-----
Earth Magic    | 4 5 6 7 9 11 12 | 12.4
Spellcasting   | 3 4 6 |  6.6
Dodging        | |  1.5
Stealth        | |  2.1
Transmutations | |  0.7

Action                     |  1- 3 |  4- 6 |  7- 9 || total
---------------------------+-------+-------+-------++-------
  Melee: Whip              |       |    12 |       ||    12
   Cast: Sandblast         |    36 |    92 |   108 ||   236
    Use: Scroll            |       |     7 |     7 ||    14
         Potion            |       |       |     4 ||     4
 Armour: Robe              |     2 |    18 |     2 ||    22
         Acid dragon scale |       |       |     3 ||     3
         Troll leather arm |       |       |    14 ||    14
  Dodge: Dodged            |     1 |    39 |    54 ||    94

Table legend: (Time is in decaauts)
 A = Elapsed time spent in this place.
 B = Non-inter-level travel time spent in this place.
 C = Inter-level travel time spent in this place.
 D = Time resting spent in this place.
 E = Time spent auto-exploring this place.
 F = Levels seen in this place.
 G = Mean time per level.
                   A        B        C        D        E       F      G
               +--------+--------+--------+--------+--------+-----+--------+
         Total |   8487 |   7788 |    699 |   1474 |   5163 |   9 |  943.0 |
       Dungeon |   7336 |   6646 |    690 |   1024 |   4651 |   7 | 1048.0 |
        Temple |    152 |    143 |      9 |      0 |    134 |   1 |  152.0 |
         Sewer |    998 |    998 |      0 |    450 |    378 |   1 |  998.0 |
               +--------+--------+--------+--------+--------+-----+--------+

Top non-repeatable levels by time:
     D:2: 1439 daAuts
     D:1: 1365 daAuts
     D:6: 1310 daAuts
     D:4: 1165 daAuts
   Sewer: 998 daAuts
     D:3: 912 daAuts
     D:5: 835 daAuts
     D:7: 308 daAuts
  Temple: 152 daAuts
